Map: Bridgehead LE (Void)

Players

BruteForce

  • Race: Zerg Zerg
  • League: Bronze

wabbajack - Winner!

  • Race: Zerg Zerg
  • League: Gold

VOD

Have the link to the VOD?

Description

Time

  • Played on: July 17, 2015, 6:11 p.m.
  • Length: 7:58
Show
View Real Time Build Order
Export as new Build Order

BruteForce Zerg 

Build Orders: Hatch First 

Get SALT Encoding   

  12  0:04  Drone  
  13  0:09  Drone  
  14  0:20  Overlord  
  14  0:23  Extractor  
  14  0:24  Drone  
  15  0:42  Drone x2  
  17  0:56  Hatchery  
  16  0:59  Drone  
  16  1:02  Extractor  
  16  1:13  Drone x2  
  18  1:22  Evolution Chamber  
  17  1:30  Spawning Pool  
  16  1:39  Drone  
  17  1:41  Drone  
  17  1:43  Overlord  
  18  2:02  Drone  
  19  2:11  Drone x2  
  21  2:21  Queen x2  
  21  2:22  Drone  
  26  2:23  Drone  
  26  2:28  Drone  
  28  2:32  Overlord  
  28  2:49  Roach Warren, Extractor  
  26  2:51  Drone x3  
  26  2:54  Drone  
  30  3:19  Drone x5  
  35  3:36  Roach x4  
  35  3:38  Overlord  
  35  3:39  Drone  
  44  3:41  Overlord x2  
  44  4:02  Roach x2  
  50  4:03  Roach x2  
  50  4:07  Roach x2  
  50  4:08  Roach x3  
  62  4:11  Extractor  
  62  4:14  Roach x2  
  66  4:17  Drone  
  66  4:20  Overlord  
  66  4:38  Overlord x2  
  66  4:52  Roach  
  68  4:53  Overlord x2  
  68  5:06  Extractor  
  65  5:16  Roach x5  
  65  5:17  Roach x3  
  61  5:33  Roach x4  
  61  5:34  Roach  
  61  5:46  Roach x3  
Show
View Real Time Build Order
Export as new Build Order

wabbajack Zerg - Winner!

Build Orders: Hatch First 

Get SALT Encoding   

  12  0:02  Drone  
  13  0:13  Overlord  
  13  0:18  Drone  
  14  0:24  Drone, Extractor  
  15  0:33  Drone  
  16  0:37  Drone  
  17  0:54  Hatchery  
  16  0:59  Drone  
  16  1:00  Extractor  
  16  1:01  Drone  
  17  1:07  Drone  
  18  1:19  Spawning Pool  
  17  1:54  Overlord  
  17  1:55  Drone  
  17  1:56  Drone  
  19  2:19  Spine Crawler  
  19  2:21  Queen  
  20  2:23  Queen  
  20  2:25  Metabolic Boost  
  22  2:32  Drone x6  
  28  2:50  Roach Warren  
  27  2:54  Drone x3  
  30  3:00  Spine Crawler  
  29  3:12  Overlord x2  
  29  3:38  Roach  
  29  3:39  Roach x5  
  41  3:43  Roach x2  
  41  3:45  Roach  
  41  3:48  Roach  
  49  3:54  Roach  
  51  3:57  Overlord  
  51  4:01  Overlord  
  51  4:28  Zergling x2  
  51  4:29  Zergling x18  
  61  4:48  Overlord  
  61  4:50  Zergling x14  
  68  5:03  Lair  
  68  5:09  Evolution Chamber  
  53  5:35  Zergling x2  
  53  5:36  Zergling x22  
  64  5:46  Ravager  
  64  5:47  Ravager  
Tags
 
Add a new tag
Caveats
  • Supply blocks, unpowered buildings, or Contaminate may cause inaccurate times.
  • Supply counts are checked every 10 seconds.